 Dungeon Crawl Stone Soup version 0.28.0-45-g0d030f2227 (webtiles) character file.

Game seed: 712130120049967452

11281 NinjaNoafa the Magician (level 11, -17/80 HPs)
             Began as a Black Draconian Earth Elementalist on Apr 7, 2022.
             Was a Priest of Hepliaklqana.
             Shot with an arrow by a centaur warrior (22 damage)
             ... on level 11 of the Dungeon.
             The game lasted 00:51:36 (12123 turns).

NinjaNoafa the Magician (DrEE)                     Turns: 12123, Time: 00:51:37

Health: -17/80     AC: 14    Str: 14    XL:     11   Next: 47%
Magic:  1/22       EV: 13    Int: 18    God:    Hepliaklqana [***...]
Gold:   335        SH:  0    Dex: 10    Spells: 13/25 levels left

rFire   + . .      SeeInvis +   a - +8 dire flail (vorpal)
rCold   . . .      Faith    .   (shield currently unavailable)
rNeg    . . .      Spirit   .   (armour unavailable)
rPois   +          Reflect  .   (helmet restricted)
rElec   +          Harm     .   i - +0 cloak {rPois}
rCorr   .          Rampage  .   x - +2 pair of gloves
Will    .....                   C - +2 pair of boots
Stlth   ++........              E - amulet of regeneration
HPRegen 1.03/turn               k - ring of see invisible
MPRegen 0.18/turn               (no ring)

@: about to teleport
A: reduced essence, breathe lightning, AC +7, unfitting armour, electricity
resistance, cold-blooded, horns 1, clumsy 1, fire resistance 1, strong 1,
MP-powered wands
a: Breathe Lightning, Renounce Religion, Recall Ancestor, Ancestor Identity,
Transference


You were on level 11 of the Dungeon.
You worshipped Hepliaklqana.
Hepliaklqana was most pleased with you.
You visited 2 branches of the dungeon, and saw 12 of its levels.
You also visited: Ossuary and Bailey.

You collected 795 gold pieces.
You spent 460 gold pieces at shops.

Inventory:

Hand Weapons
 a - a +8 vorpal dire flail (weapon)
 d - a +3 spear of pain
 h - a +2 dagger of venom
 q - a +4 flail
 u - a +0 mace of protection
 w - a +1 hand axe of freezing
 y - the +10 dark maul {vorpal}
   (You found it on level 10 of the Dungeon)

   It inflicts extra damage upon your enemies.
 B - a +0 hunting sling
 F - a +2 whip of freezing
Missiles
 e - 74 sling bullets
 j - 76 stones
 l - a curare-tipped dart
 p - 2 throwing nets
 G - 16 poisoned darts (quivered)
Armour
 i - a +0 cloak of poison resistance (worn)
 x - a +2 pair of gloves (worn)
 C - a +2 pair of boots (worn)
 D - a +0 cloak
 H - a +0 buckler
Magical Staves
 t - a staff of earth
Jewellery
 k - a ring of see invisible (left hand)
 A - an amulet of magic regeneration
 E - an amulet of regeneration (around neck)
Wands
 n - a wand of digging (6)
 o - a wand of acid (18)
 I - a wand of iceblast (8)
 J - a wand of mindburst (17)
 K - a wand of flame (23)
 L - a wand of paralysis (13)
Scrolls
 b - 2 scrolls of torment
 f - 4 scrolls of teleportation
 m - 4 scrolls of noise
 v - 3 scrolls of fog
Potions
 c - a potion of attraction
 s - 16 potions of degeneration
 z - a potion of cancellation


   Skills:
 - Level 6.0 Fighting
 - Level 4.0 Maces & Flails
 - Level 6.0 Dodging
 - Level 4.0 Stealth
 + Level 7.8 Spellcasting
 - Level 5.4 Conjurations
 - Level 5.1 Hexes
 - Level 7.0 Summonings
 - Level 4.0 Transmutations
 - Level 5.0 Earth Magic
 - Level 3.0 Invocations


You had 13 spell levels left.
You knew the following spells:

 Your Spells              Type           Power      Damage    Failure   Level
a - Sandblast             Erth           50%        2d12      1%          1
b - Magic Dart            Conj           100%       1d8       1%          1
c - Call Imp              Summ           32%        N/A       1%          2
d - Passwall              Tmut/Erth      19%        N/A       2%          2
e - Stone Arrow           Conj/Erth      50%        3d10      3%          3
f - Summon Guardian Gole  Hex/Summ       28%        N/A       2%          3

Your spell library contained the following spells:

 Spells                   Type           Power      Damage    Failure   Level
 Summon Small Mammal      Summ           100%       N/A       1%          1
 Call Canine Familiar     Summ           32%        N/A       1%          3
 Apportation              Tloc           14%        N/A       10%         1
 Fulminant Prism          Conj/Hex       13%        3d9       11%         4
 Mephitic Cloud           Conj/Pois/Air  13%        N/A       14%         3
 Petrify                  Tmut/Erth      23%        N/A       16%         4
 Iskenderun's Mystic Bla  Conj/Tloc      16%        2d5       32%         4
 Lee's Rapid Deconstruct  Erth           12%        3d10*     34%         5
 Alistair's Intoxication  Tmut/Pois      9%         N/A       75%         5


Dungeon Overview and Level Annotations

Branches:
Dungeon (11/15)            Temple (1/1) D:5            Lair (0/6) D:10
    Orc (0/2) D:9         Ossuary (visited)          Bailey (visited)

Altars:
Ashenzari
Cheibriados
Dithmenos
Elyvilon
Fedhas
Gozag
Hepliaklqana
Kikubaaqudgha
Makhleb
Nemelex Xobeh
Okawaru
Qazlal
Ru
Sif Muna
Trog
Uskayaw
Vehumet
Wu Jian
Xom
Yredelemnul
Zin
The Shining One
Beogh

Shops:
D:4 (:   D:7 :

Portals:
Trove: D:10 (lose all piety)

Annotations:
D:10 exclusion: 2 oklob plants


Innate Abilities, Weirdness & Mutations

Your life essence is reduced to manifest your ancestor. (-10% HP)
You can breathe wild blasts of lightning.
Your glossy black scales are hard. (AC +7)
You cannot fit into any form of body armour.
You are resistant to electric shocks. (rElec)
You are cold-blooded and may be slowed by cold attacks.
You have a pair of small horns on your head.
You are clumsy. (Dex -2)
Your flesh is heat resistant. (rF+)
Your muscles are strong. (Str +2)
You expend magic power (3 MP) to strengthen your wands.


Message History

You hit the slime creature. You headbutt the slime creature.
The slime creature is heavily wounded.
The slime creature hits you but does no damage.
Two slime creatures merge to form a very large slime creature.
Casting: Magic Dart (safe; 1% risk of failure)
Confirm with . or Enter, or press ? or * to list all spells.
A guardian golem appears, shielding your allies.
A slime creature comes into view.
The slime creature hits you but does no damage.
The centaur warrior wields a +0 longbow.
The centaur warrior shoots an arrow.
The arrow completely misses DoctorBetus.
The arrow hits you!
Okay, then.
Welcome back, NinjaNoafa the Black Draconian Earth Elementalist.
Hepliaklqana says: Your past becomes your present!
Press ? for a list of commands and other information.
You sock the slime creature!
The slime creature is severely wounded.
The slime creature hits you.
The centaur warrior shoots an arrow.
The arrow hits DoctorBetus.
As you read the scroll of teleportation, it crumbles to dust.
You feel strangely unstable.
The slime creature hits you but does no damage.
The centaur warrior shoots an arrow.
The arrow hits you!
* * * LOW HITPOINT WARNING * * *
Blink to where?
Press: ? - help, Dir - move target
As you read the scroll of blinking, it crumbles to dust.
The centaur warrior seems less drained.
The centaur warrior shoots an arrow.
The arrow hits you!!
* * * LOW HITPOINT WARNING * * *
Okay, then.
Select a target.
Press: ? - help, Dir - move target, f - centaur warrior
Aim: a centaur warrior, wielding a +0 longbow and quivering arrows (heavily wounded, slow)
The floor.
The centaur warrior swaps with DoctorBetus!
The centaur warrior shoots an arrow.
The arrow hits you!!
You die...

#... #..#
##...## #..#
#.....## ##..#
#....R.###
##..#
#..c.###...#
####.[[...#
###...<####
###.....####...
##.†..@.......
#......####...
#§..#### ##R.##
###..##
..######.9c.#
.J..J....§.##
############


You could see the friendly DoctorBetus the hexer (sheltered), a centaur warrior
(slow) and a friendly guardian golem (summoned).

Vanquished Creatures
  A boulder beetle (D:10)
  3 two-headed ogres
  Maurice (D:8)
  A gargoyle (D:10)
  An unseen horror (D:11)
  A guardian mummy (D:10)
  A troll (D:10)
  A hornet (D:10)
  6 yaks
  A wraith (D:11)
  A steam dragon (D:8)
  Edmund (D:5)
  2 water moccasins
  An orc warrior (D:9)
  A sky beast (D:5)
  A black bear (D:8)
  2 necrophages
  2 ogres
  2 centaurs
  2 kobold brigands
  A bullfrog (D:8)
  A gnoll sergeant (D:6)
  A water moccasin zombie (D:5)
  2 scorpions
  3 killer bees (D:9)
  A howler monkey (D:6)
  A bullfrog zombie (D:7)
  A centaur zombie (D:6)
  4 hounds
  2 jellies
  2 orc priests (D:8)
  A gnoll shaman (D:6)
  2 iguanas
  9 orc wizards
  2 killer bee zombies (D:6)
  A hound skeleton (D:4)
  8 mummies (Ossuary)
  3 howler monkey zombies
  5 adders
  10 gnolls
  A shadow imp (D:8)
  A white imp (D:6)
  2 worms (D:4)
  2 dart slugs (D:1)
  22 orcs
  4 ball pythons
  5 endoplasms
  3 giant cockroaches
  3 gnoll zombies (Ossuary)
  6 goblins
  3 hobgoblins
  4 jackals (D:4)
  14 kobolds
  2 bats
  5 frilled lizards
  A hobgoblin zombie (Ossuary)
  A kobold zombie (Ossuary)
  3 orc zombies (Ossuary)
  5 rats
179 creatures vanquished.

Vanquished Creatures (collateral kills)
  A stone giant (D:10)
  A gargoyle (D:10)
  A guardian mummy (D:10)
  2 yaks
  A golden eye (shapeshifter) (D:10)
  4 orc warriors
  A centaur (D:9)
  Blork the orc (D:6)
  A bullfrog (D:7)
  A gnoll sergeant (D:10)
  A wyvern skeleton (D:6)
  3 howler monkeys (D:11)
  3 centaur zombies
  4 orc priests
  5 orc wizards (D:9)
  3 gnolls
  6 orcs
  4 kobolds
  2 goblins (D:7)
45 creatures vanquished.

Vanquished Creatures (others)
  3 hexers (D:10)
  4 ancestors
  25 fungi (D:4)
  16 plants
48 creatures vanquished.

Grand Total: 272 creatures vanquished

Notes
Turn   | Place    | Note
-------+----------+-------------------------------------------
     0 | D:1      | NinjaNoafa the Draconian Earth Elementalist began the quest
                  | for the Orb.
     0 | D:1      | Reached XP level 1. HP: 14/14 MP: 3/3
   499 | D:1      | Found a faded altar of an unknown god.
   649 | D:1      | Reached XP level 2. HP: 22/22 MP: 0/5
  1013 | D:1      | Reached skill level 1 in Fighting
  1253 | D:2      | Reached XP level 3. HP: 6/28 MP: 2/6
  1564 | D:2      | Identified the +2 ring mail "Buehuaqe" {Dex+4 Slay+3}
  2166 | D:3      | Reached XP level 4. HP: 36/36 MP: 5/7
  2963 | D:4      | Found Ceaqia's Weapon Emporium.
  2993 | D:4      | Found a sand-covered staircase.
  2998 | Ossuary  | Entered an ossuary
  3013 | Ossuary  | Reached XP level 5. HP: 41/41 MP: 8/8
  3658 | D:4      | Noticed a necrophage
  3669 | D:4      | Killed a necrophage
  3670 | D:4      | Reached XP level 6. HP: 34/50 MP: 7/10
  4156 | D:4      | Found Zyfeh's Book Emporium.
  4195 | D:4      | Bought a book of Minor Magic for 180 gold pieces
  4416 | D:5      | Entered Level 5 of the Dungeon
  4416 | D:5      | Noticed Edmund
  4417 | D:5      | Noticed a sky beast
  4428 | D:5      | Killed Edmund
  4429 | D:5      | Your scales start taking on a glossy black colour.
  4429 | D:5      | Reached XP level 7. HP: 27/57 MP: 11/11
  4429 | D:5      | Gained mutation: You are resistant to electric shocks.
                  | (rElec) [Black Draconian growth]
  4434 | D:5      | Reached skill level 1 in Conjurations
  5012 | D:5      | Found a staircase to the Ecumenical Temple.
  5033 | Temple   | Entered the Ecumenical Temple
  5162 | Temple   | Became a worshipper of Hepliaklqana the Forgotten
  5213 | D:5      | Found an iron altar of Okawaru.
  5213 | D:5      | Found a shimmering blue altar of Sif Muna.
  5213 | D:5      | Found a radiant altar of Vehumet.
  5213 | D:5      | Found a blossoming altar of Fedhas.
  5219 | D:5      | Found a burning altar of Makhleb.
  5219 | D:5      | Found a hide-covered altar of Uskayaw.
  5399 | D:6      | Learned a level 1 spell: Magic Dart
  5440 | D:6      | Reached XP level 8. HP: 46/64 MP: 13/13
  6168 | D:6      | Gained mutation: Your body sometimes deteriorates upon
                  | taking damage. [potion of mutation]
  6168 | D:6      | Gained mutation: You have hidden genetic potential. [potion
                  | of mutation]
  6168 | D:6      | Gained mutation: You are weak. (Str -2) [potion of
                  | mutation]
  6168 | D:6      | Gained mutation: You are partially covered in large bone
                  | plates. (SH +4) [potion of mutation]
  6169 | D:6      | Lost mutation: You are weak. (Str -2) [potion of mutation]
  6169 | D:6      | Lost mutation: Your body sometimes deteriorates upon taking
                  | damage. [potion of mutation]
  6169 | D:6      | Gained mutation: Your spells are a little easier to cast,
                  | but a little less powerful. [potion of mutation]
  6169 | D:6      | Gained mutation: You sometimes lose the ability to read
                  | scrolls when taking damage. [potion of mutation]
  6169 | D:6      | Gained mutation: You are clumsy. (Dex -2) [potion of
                  | mutation]
  6170 | D:6      | Lost mutation: You are partially covered in large bone
                  | plates. (SH +4) [potion of mutation]
  6170 | D:6      | Lost mutation: Your spells are a little easier to cast, but
                  | a little less powerful. [potion of mutation]
  6170 | D:6      | Lost mutation: You sometimes lose the ability to read
                  | scrolls when taking damage. [potion of mutation]
  6170 | D:6      | Gained mutation: Your muscles are strong. (Str +2) [potion
                  | of mutation]
  6170 | D:6      | Gained mutation: Your flesh is heat resistant. (rF+)
                  | [potion of mutation]
  6478 | D:6      | Noticed Blork the orc
  6495 | D:6      | Reached * piety under Hepliaklqana
  6498 | D:6      | Killed Blork the orc
  6959 | D:6      | Reached skill level 1 in Maces & Flails
  6959 | D:6      | Reached skill level 1 in Summonings
  7075 | D:7      | Reached XP level 9. HP: 9/64 MP: 13/15
  7189 | D:7      | Reached skill level 5 in Dodging
  7209 | D:7      | Gained mutation: You expend magic power (3 MP) to
                  | strengthen your wands. [hidden potential]
  7565 | D:7      | Reached skill level 5 in Fighting
  7573 | D:7      | Learned a level 2 spell: Call Imp
  7576 | D:7      | Learned a level 2 spell: Passwall
  7662 | D:7      | Found a flagged portal.
  7687 | Bailey   | Entered a bailey
  7846 | D:7      | Reached skill level 5 in Spellcasting
  7899 | D:7      | Found Gubrasadgh's Book Boutique.
  7902 | D:7      | Bought a book of Callings for 280 gold pieces
  8393 | D:8      | Noticed Maurice
  8404 | D:8      | Killed Maurice
  8519 | D:8      | Reached ** piety under Hepliaklqana
  8520 | D:8      | Remembered your ancestor DoctorBetus as a hexer
  8857 | D:8      | Reached skill level 5 in Conjurations
  9304 | D:9      | Learned a level 3 spell: Stone Arrow
  9449 | D:9      | Reached XP level 10. HP: 72/72 MP: 18/18
  9458 | D:9      | Found a staircase to the Orcish Mines.
  9597 | D:9      | Gained mutation: You have a pair of small horns on your
                  | head. [hidden potential]
  9597 | D:9      | Lost mutation: You have hidden genetic potential. [hidden
                  | potential expressed]
  9663 | D:9      | Reached skill level 5 in Earth Magic
  9791 | D:9      | Found a glowing silver altar of Zin.
  9822 | D:9      | Found a broken altar of Ashenzari.
  9929 | D:9      | Noticed a two-headed ogre
  9948 | D:9      | Killed a two-headed ogre
 10246 | D:10     | Entered Level 10 of the Dungeon
 10345 | D:10     | Reached skill level 1 in Hexes
 10383 | D:10     | Found a portal to a secret trove of treasure.
 10404 | D:10     | Reached skill level 5 in Summonings
 10656 | D:10     | Reached *** piety under Hepliaklqana
 10703 | D:10     | Noticed a two-headed ogre
 10703 | D:10     | Noticed a stone giant
 10705 | D:10     | Noticed a two-headed ogre
 10705 | D:10     | Noticed a gargoyle
 10705 | D:10     | Noticed a boulder beetle
 10705 | D:10     | Found the +10 dark maul {vorpal}
 10706 | D:10     | Noticed a gargoyle
 10725 | D:10     | Found a staircase to the Lair.
 10726 | D:10     | Noticed an oklob plant
 11288 | D:10     | Noticed an oklob plant
 11322 | D:10     | Killed a two-headed ogre
 11323 | D:10     | Reached XP level 11. HP: 80/80 MP: 11/21
 11327 | D:10     | Learned a level 3 spell: Summon Guardian Golem
 11381 | D:10     | Killed a two-headed ogre
 11407 | D:10     | Killed a stone giant
 11645 | D:10     | Killed a boulder beetle
 11673 | D:10     | Reached skill level 5 in Hexes
 12093 | D:11     | Noticed a centaur warrior
 12122 | D:11     | HP: 4/80 [centaur warrior/arrow (19)]
 12123 | D:11     | Shot with an arrow by a centaur warrior

Illustrated notes

Levels and vault maps discovered:
D:1:      minmay_arrival_hallway, layout_loops_cross,
          shapermc_ecumenical_altar_flowoftime
D:2:      layout_rooms, serial_bayou_pond_e, serial_bayou_pond_a
D:3:      layout_rooms
D:4:      layout_loops_ring, serial_aquarium, aquarium_bridge_square
          [aquarium_subvault_wall, aquarium_subvault_bridge,
          aquarium_subvault_balcony, aquarium_subvault_window],
          aquarium_bridge_straight [aquarium_subvault_bridge,
          aquarium_subvault_window, aquarium_subvault_bridge,
          aquarium_subvault_window], aquarium_window_corner,
          aquarium_window_corner, aquarium_window_corridor_3, aquarium_window_1,
          aquarium_view_2e, aquarium_pool_2, enter_ossuary_2, serial_shops,
          nicolae_stop_n_shop_2, shop
D:5:      layout_rooms, minmay_overflow_temple_hex, minmay_temple_entry_tees,
          uniq_edmund
D:6:      layout_loops_corners, uniq_blork_the_orc
D:7:      layout_basic, enter_bailey_7, serial_shops, kennysheep_mini_moat,
          chequers_decorated_corner, minmay_misc_feat_square, dk_noncrumbling_4
D:8:      layout_basic, kennysheep_generic_room_14, uniq_maurice
D:9:      layout_cave_pools, mainiacjoe_overflow_two_lobes,
          minmay_orc_entry_temple_small
D:10:     minmay_roctagon, layout_small_grid, dpeg_oklobed_lair,
          nicolae_trove_entry_path_of_doom
D:11:     layout_layer_cave
Temple:   eino_temple_lava

Skill      XL: |  1  2  3  4  5  6  7  8  9 10 11 |
---------------+----------------------------------+-----
Dodging        | 2 3 4 5 6 |  6.0
Fighting       | 1 2 3 4 5 6 |  6.0
Stealth        | 2 3 4 |  4.0
Transmutations | 2 3 4 |  4.0
Spellcasting   | 3 4 5 6 7 |  7.8
Earth Magic    | 3 4 5 |  5.0
Conjurations   | 2 4 5 |  5.4
Maces & Flails | 2 4 |  4.0
Summonings     | 2 4 6 7 |  7.0
Invocations    | 3 |  3.0
Hexes          | 3 5 |  5.1

Action                   |  1- 3 |  4- 6 |  7- 9 | 10-12 || total
-------------------------+-------+-------+-------+-------++-------
Melee: Unarmed           |    17 |       |       |       ||    17
       Tailslap          |     5 |    27 |    21 |    17 ||    70
       Hand axe          |     5 |     3 |       |       ||     8
       Dagger            |    27 |   173 |     3 |       ||   203
       Punch             |     1 |     2 |       |       ||     3
       Dire flail        |       |       |   166 |   106 ||   272
       Headbutt          |       |       |       |    21 ||    21
 Fire: Hunting sling     |       |     4 |       |       ||     4
Throw: Throwing net      |       |       |     2 |       ||     2
       Stone             |       |       |     1 |     1 ||     2
       Dart              |       |       |       |     4 ||     4
 Cast: Sandblast         |    42 |    36 |    19 |     7 ||   104
       Magic Dart        |       |       |    37 |    12 ||    49
       Call Imp          |       |       |     4 |     4 ||     8
       Stone Arrow       |       |       |     1 |    29 ||    30
       Summon Guardian G |       |       |       |     4 ||     4
Invok: Ancestor Identity |       |       |     1 |       ||     1
       Ancestor Life: He |       |       |     1 |       ||     1
       Transference      |       |       |       |     1 ||     1
 Abil: Breathe Lightning |       |       |       |     3 ||     3
Evoke: Wand              |       |     4 |     2 |     1 ||     7
  Use: Potion            |       |     5 |    12 |     4 ||    21
       Scroll            |       |     5 |     6 |     9 ||    20
 Stab: Sleeping          |       |     1 |     3 |       ||     4
       Distracted        |       |       |       |     1 ||     1
       Confused          |       |       |       |     1 ||     1
Armor: Skin              |    19 |    60 |   112 |    55 ||   246
Dodge: Dodged            |    51 |   136 |   201 |    71 ||   459
